 Dungeon Crawl Stone Soup version 0.16-a0-286-g6bac339 (webtiles) character file.

106 Kashira the Gusty (level 4, -1/24 HPs)
             Began as a Tengu Air Elementalist on Aug 28, 2014.
             Shot with a poisoned arrow by a centaur (8 damage)
             ... on Level 3 of the Dungeon.
             The game lasted 00:09:46 (3197 turns).

Kashira the Gusty (Tengu Air Elementalist)          Turns: 3197, Time: 00:09:46

HP  -1/24        AC  3     Str  9      XL: 4   Next: 84%
MP   6/10        EV 12     Int 16      God:
Gold 175         SH  0     Dex 14      Spells:  2 memorised,  6 levels left

rFire  . . .     SeeInvis .     (no weapon)
rCold  . . .     Clarity  .     a - +0 robe
rNeg   . . .     rCorr    .     (no shield)
rPois  .         rRot     .     (helmet restricted)
rElec  .         Spirit   .     (no cloak)
SustAb .         Warding  .     h - +0 pair of gloves
rMut   .         Stasis   .     (boots unavailable)
Gourm  .                        (no amulet)
MR     .....                    (no ring)
                                (no ring)

@: lethally poisoned, not resistant to hostile enchantments, unstealthy
A: beak, talons 3
a: no special abilities


You were on level 3 of the Dungeon.
You were very hungry.

You visited 1 branch of the dungeon, and saw 3 of its levels.

You collected 175 gold pieces.

Inventory:

Hand weapons
 d - a +0 dagger
 o - a +0 blowgun
Missiles
 f - 2 throwing nets (quivered)
Armour
 a - a +0 robe (worn)
 h - a +0 pair of gloves (worn)
Magical devices
 r - a wand of disintegration (15) {unknown}
Comestibles
 c - 4 bread rations
 m - a royal jelly
Scrolls
 e - 5 scrolls of remove curse {unknown}
 g - 4 scrolls of teleportation {unknown}
 j - 2 scrolls of identify {unknown}
Jewellery
 q - an uncursed ring of fire {unknown}
Potions
 i - a potion of heal wounds {unknown}
 k - a potion of cancellation {unknown}
 l - a potion of cure mutation {unknown}
 n - a potion of might {unknown}
 p - a potion of curing {unknown}
Books
 b - a book of Air

   Spells                             Type                      Level
   *Shock                             Conjuration/Air              1
   *Swiftness                         Charms/Air                   2
   Repel Missiles                     Charms/Air                   2
   Flight                             Charms/Air                   3
   Static Discharge                   Conjuration/Air              3
   Lightning Bolt                     Conjuration/Air              5


   Skills:
 + Level 0.6 Fighting
 + Level 2.2 Dodging
 + Level 2.4 Stealth
 + Level 3.1 Spellcasting
 + Level 2.2 Conjurations
 + Level 5.3 Air Magic


You had 6 spell levels left.
You knew the following spells:

 Your Spells              Type           Power        Failure   Level  Hunger
a - Shock                 Conj/Air       ##..         4%          1    None
b - Swiftness             Chrm/Air       ##......     12%         2    ##.....


Dungeon Overview and Level Annotations

Branches:
Dungeon (3/15)

Altars:


Innate Abilities, Weirdness & Mutations

You have a beak for a mouth.
You have claws for feet.


Message History

Aiming: Shock
Press: ? - help, Shift-Dir - straight line, f/p - centaur
Aim: a centaur, wielding a shortbow (heavily wounded)
The zap hits the centaur.
The centaur is severely wounded.
You feel sick.
The centaur shoots a poisoned arrow.
The poisoned arrow barely misses you.
The centaur shoots a poisoned arrow.
The poisoned arrow hits you!
A goblin comes into view.
Casting: Shock
Confirm with . or Enter, or press ? or * to list all spells.
Aiming: Shock
Press: ? - help, Shift-Dir - straight line, f/p - centaur
Aim: a centaur, wielding a shortbow (severely wounded)
The zap hits the centaur.
The centaur is almost dead.
* * * LOW HITPOINT WARNING * * *
You feel sick.
The centaur shoots a poisoned arrow.
The poisoned arrow hits you!
You die...

... ......... ..^c..
..####### #....g. #
#..... ####### .....
.'...... #... #######
#.. # #.# # #@# # #.# #
#.# # #.# #
#######'##### #
#...........# #
#...........############
#...........'.........##
#...........#########.##


You could see a centaur and a goblin.

Vanquished Creatures
  2 adders
  2 worms
  3 giant geckos
  An ooze (D:3)
  9 goblins
  13 hobgoblins
  8 jackals
  3 quokkas (D:2)
  A ball python (D:1)
  7 bats
  3 giant cockroaches
  9 kobolds
  2 rats
63 creatures vanquished.

Notes
Turn   | Place    | Note
--------------------------------------------------------------
     0 | D:1      | Kashira, the Tengu Air Elementalist, began the quest for the Orb.
     0 | D:1      | Reached XP level 1. HP: 10/10 MP: 3/3
   158 | D:1      | Reached XP level 2. HP: 15/15 MP: 0/5
   683 | D:1      | Learned a level 2 spell: Swiftness
  1010 | D:1      | Reached XP level 3. HP: 19/19 MP: 5/7
  1398 | D:2      | Reached skill level 5 in Air Magic
  1780 | D:2      | Reached XP level 4. HP: 13/24 MP: 0/9
  3193 | D:3      | Noticed a centaur
  3197 | D:3      | Shot with a poisoned arrow by a centaur

Action                   |  1- 3 |  4- 6 || total
-------------------------+-------+-------++-------
Melee: Unarmed           |    38 |     1 ||    39
 Cast: Shock             |    81 |    67 ||   148
  Eat: Chunk             |     3 |     4 ||     7
